 Dungeon Crawl Stone Soup version 0.32-a0-7-ge934b4519a (webtiles) character file.

Game seed: 2044999181812533248

68 bmb222 the Ruffian (level 4, -1/29 HPs)
             Began as an Octopode Shapeshifter on Jan 13, 2024.
             Slain by a raiju (4 damage)
             ... on level 1 of the Abyss.
             The game lasted 00:02:09 (955 turns).

bmb222 the Ruffian (Octopode Shapeshifter)           Turns: 955, Time: 00:02:09

Health: -1/29      AC:  1    Str: 15    XL:     4   Next: 19%
Magic:  4/4        EV: 13    Int: 12    God:
Gold:   25         SH:  0    Dex: 11    Spells: 3/3 levels left

rFire   . .          .
                       - Unarmed
rCold   . . .        (no shield)
rNeg    . . .        (helmet currently unavailable)
rPois   .            (no amulet)
rElec   .            (no ring)
rCorr   .            (no ring)
SInv    .            (no ring)
Will    .....        (no ring)
Stlth   ++           (no ring)
HPRegen 0.24/turn    (no ring)
MPRegen 0.09/turn    (no ring)
                     (no ring)

%: no passive effects
@: beast-form, silenced
A: beast (slay +1), almost no armour, amphibious, 8 rings, camouflage 1,
gelatinous body 1, (nimble swimmer 1), tentacles
a: Begin Untransformation


You were on level 1 of the Abyss.
You were a hulking beast.
You visited 1 branch of the dungeon, and saw 2 of its levels.
You visited the Abyss 1 time.

You collected 25 gold pieces.

Inventory:

Missiles
 i - 4 boomerangs (quivered)
 j - 6 poisoned darts
Talismans
 b - a beast talisman
 c - a flux talisman
Scrolls
 d - 2 scrolls of identify
 e - a scroll of enchant armour
Potions
 a - a potion of lignification
 f - a potion of haste {unknown}
 g - a potion of might {unknown}


   Skills:
 + Level 1.9 Fighting
 + Level 2.6 Dodging
 + Level 2.2 Stealth
 + Level 3.4 Unarmed Combat
 + Level 3.3 Shapeshifting


You had 3 spell levels left.
You didn't know any spells.
Your spell library contained the following spells:

 Spells                   Type           Power      Damage    Failure   Level
 Jinxbite                 Hex            0%         N/A       45%         2
 Mercury Vapours          Alch/Air       0%         N/A       45%         2
 Mephitic Cloud           Conj/Alch/Air  0%         N/A       69%         3
 Olgreb's Toxic Radiance  Alch           0%         N/A       97%         4
 Freezing Cloud           Conj/Ice/Air   0%         6-21      100%        5
 Yara's Violent Unravell  Hex/Alch       0%         3d3       100%        5
 Enfeeble                 Hex            0%         N/A       100%        7
 Ozocubu's Refrigeration  Ice            0%         4d7       100%        7
 Discord                  Hex            0%         N/A       100%        8


Dungeon Overview and Level Annotations

Branches:
Dungeon (2/15)

Altars:
Hepliaklqana


Innate Abilities, Weirdness & Mutations

You are a hulking beast.
Your limbs bulge with bestial killing power. (Slay +1)
You cannot wear most types of armour.
You are amphibious.
You can wear up to eight rings at the same time.
Your skin changes colour to match your surroundings (Stealth+).
Your rubbery body absorbs attacks. (AC +1, EV +1)
((You are camouflaged when in or above water. (Stealth+)))
You have tentacles for arms and can constrict up to eight enemies at once.


Message History

You add the spells Jinxbite, Yara's Violent Unravelling and Enfeeble to your library.
A goblin is nearby!
The goblin hits you with a +2 dagger of distortion.
You are cast into the Abyss!
This branch contains the abyssal rune of Zot.
No target in view!
An orange demon comes into view.
Unknown command.
Unknown command.
Okay, then.
A wretched star comes into view.
As you read the scroll labelled OMEYTO CUTYQ, it crumbles to dust.
It is a scroll of identify.
e - a scroll of enchant armour A large abomination comes into view.
Unknown command.
As you read the scroll labelled VEORUPN JEIHU, it crumbles to dust.
It is a scroll of enchant weapon.
You aren't carrying any weapons that can be enchanted.
As you read the scroll labelled TUSHRY ZAFEWNYSU, it crumbles to dust.
A profound silence engulfs you.
It was a scroll of silence.
A raiju comes into view.
The raiju bursts into living lightning!
The living lightning hits you!!
Ouch! That really hurt!
The raiju blinks! x2
You tentacle-slap the raiju but do no damage.
Your grab misses the raiju. Your squeeze misses the raiju.
Unknown command.
The raiju attacks as it pursues you! The raiju misses you.
The raiju bursts into living lightning!
The living lightning misses you.
The raiju blinks! x2
You feel better. The raiju bites you. The raiju shocks you!
* * * LOW HITPOINT WARNING * * *
The raiju bursts into living lightning!
The living lightning hits you.
* * * LOW HITPOINT WARNING * * *
The raiju blinks!
The raiju bites you.
You die...

# #### ###.# #.##
##..#. .# # #..
##.... ##.###
.##...###....#.# ##.
....#.....#.# # ..
##...###..#.§..#.#
##.....#.#..#§. . #
#...#.#.#....###3.§#
#....h..#....#....#
#..####.h..#.#####.#.
.......###. #. ..#
..####.##.# .. .##
### .##. ..# # #.#
......## #... .#..#
#.# # . . . #.. #.


You could see a raiju (unsilenced).

Vanquished Creatures
  Robin (D:2)
  2 adders (D:2)
  A bat (D:1)
  2 endoplasms (D:1)
  6 goblins
  5 hobgoblins (D:2)
  6 kobolds
  2 quokkas (D:1)
  5 ball pythons
  4 frilled lizards (D:1)
  4 rats (D:1)
38 creatures vanquished.

Notes
Turn   | Place    | Note
-------+----------+-------------------------------------------
     0 | D:1      | bmb222 the Octopode Shapeshifter began the quest for the
                  | Orb.
     0 | D:1      | Reached XP level 1. HP: 13/13 MP: 1/1
    96 | D:1      | Reached XP level 2. HP: 12/18 MP: 2/2
   128 | D:1      | Reached skill level 1 in Stealth
   539 | D:1      | Found a faded altar of an unknown god.
   566 | D:1      | Reached XP level 3. HP: 23/23 MP: 3/3
   719 | D:2      | Found a hazy altar of Hepliaklqana.
   786 | D:2      | Noticed Robin
   808 | D:2      | Killed Robin
   819 | D:2      | Reached XP level 4. HP: 23/29 MP: 4/4
   889 | Abyss:1  | Cast into level 1 of the Abyss (goblin)
   891 | Abyss:1  | Noticed an orange demon
   930 | Abyss:1  | Noticed a wretched star
   934 | Abyss:1  | Noticed a large abomination
   940 | Abyss:1  | Noticed a smoke demon
   942 | Abyss:1  | Noticed a raiju
   955 | Abyss:1  | Slain by a raiju

Illustrated notes

Levels and vault maps discovered:
D:1:      matt_arrival_diagonals, layout_basic,
          shapermc_ecumenical_altar_totnotflames, hex_large
D:2:      layout_loops_cross, basic_altar, minmay_misc_feat_roman,
          minmay_tetromino_l2, uniq_robin
Abyss:1:  base:
Temple

Skill      XL: |  1  2  3 |
---------------+----------+-----
Stealth        | 1 2 |  2.2
Fighting       | |  1.9
Dodging        | |  2.6
Unarmed Combat | |  3.4
Shapeshifting  | |  3.3

Action                     |  1- 3 |  4- 6 || total
---------------------------+-------+-------++-------
  Melee: Unarmed           |    68 |     6 ||    74
         Constrict         |     7 |       ||     7
         Tentacles         |     5 |       ||     5
    Use: Potion            |     2 |     1 ||     3
         Scroll            |       |     3 ||     3
   Stab: Sleeping          |     5 |       ||     5
 Armour: Skin              |    45 |     8 ||    53
  Dodge: Dodged            |    29 |     2 ||    31

Table legend: (Time is in decaauts)
 A = Elapsed time spent in this place.
 B = Non-inter-level travel time spent in this place.
 C = Inter-level travel time spent in this place.
 D = Time resting spent in this place.
 E = Time spent auto-exploring this place.
 F = Levels seen in this place.
 G = Mean time per level.
                   A        B        C        D        E       F      G
               +--------+--------+--------+--------+--------+-----+--------+
         Total |    950 |    905 |     45 |     28 |    600 |   3 |  316.7 |
       Dungeon |    884 |    839 |     45 |     28 |    599 |   2 |  442.0 |
         Abyss |     65 |     65 |      0 |      0 |      1 |   1 |   65.0 |
               +--------+--------+--------+--------+--------+-----+--------+

Top non-repeatable levels by time:
     D:1: 642 daAuts
     D:2: 242 daAuts
 Abyss:1: 65 daAuts
